AoeStats
← Gurken Freund Gert Gumpisch

Four Lakes

510084172Analyzed
1v1 RM · 1d ago on Sep 29, 2026· 34m 35s· 2 players
Game mode
Random Map
Map size
Tiny (2 player)
Population
200
Speed
Normal
Resources
Standard
Victory
Conquest
Starting age
Dark Age
Ending age
Imperial Age
RankedLock teamsTeams togetherTeam positionsShared explorationLock speedFull tech treeHidden civsTurbo modeCheats
Victory
Defeat
🇩🇪 Japanese · Germany
978
+16
979
-16
kabotajoe
8:33 Loom
11:30 Feudal Age
12:07 Fishing Lines
11:51 Man-at-Arms
12:19 Double-Bit Axe
12:27 Gold Mining
15:59 Arson
18:43 Castle Age
16:57 Fletching
17:15 Horse Collar
18:48 Crossbowman
19:39 Squires
19:37 Bodkin Arrow
19:55 Bow Saw
23:07 Thumb Ring
23:16 Heavy Plow
24:15 Wheelbarrow
26:26 Gillnets
26:41 Stone Mining
27:27 Gold Shaft Mining
27:15 Padded Archer Armor
29:45 Hand Cart
33:25 Imperial Age
31:21 Leather Archer Armor
31:52 Ballistics
33:28 Arbalester
34:36 Bracer
Gurken Freund Gert Gumpisch
9:46 Feudal Age
9:21 Loom
16:03 Castle Age
14:19 Double-Bit Axe
16:51 Scale Mail Armor
16:57 Stone Mining
19:46 Wheelbarrow
20:10 Bow Saw
19:45 Horse Collar
20:29 Squires
23:23 Hand Cart
22:57 Gambesons
24:45 Arson
27:05 Forging
26:56 Padded Archer Armor
26:46 Fletching
27:30 Gold Mining
27:53 Elite Skirmisher
34:49 Thumb Ring
Connection lost

Rejoining the realm…

Still unreachable

The connection could not be restored.

Session expired

The server has moved on; the page needs a fresh start.